 Dungeon Crawl Stone Soup version 0.25.1-2-g60ff931df9 (webtiles) character file.

Game seed: 14567977319407563262

9857 Morgon the Impaler (level 11, -7/81 HPs)
             Began as a Merfolk Monk on Oct 31, 2020.
             Was an Elder of Yredelemnul.
             Engulfed by an ice statue's freezing vapour (19 damage)
             ... in a Gauntlet.
             The game lasted 01:04:40 (14132 turns).

Morgon the Impaler (Merfolk Monk)                  Turns: 14132, Time: 01:04:41

Health: -7/81      AC:  9    Str: 12    XL:     11   Next: 53%
Magic:  17/17      EV: 19    Int: 13    God:    Yredelemnul [****..]
Gold:   310        SH:  5    Dex: 16    Spells: 10/10 levels left

rFire    . . .     SeeInvis .   b - +1 halberd
rCold    . . .     Gourm    .   (shield currently unavailable)
rNeg     + + .     Faith    .   m - +0 ring mail
rPois    .         Spirit   .   H - +1 helmet
rElec    .         Reflect  +   u - scarf {repulsion}
rCorr    .         Harm     .   G - +0 pair of gloves
MR       .....     NoTele   +   B - +0 pair of boots
Stlth    +.........             D - amulet of reflection
HPRegen  0.23/turn              F - ring of positive energy
MPRegen  0.15/turn              P - ring of positive energy

@: repel missiles
A: change form in water, swift swim, stealthy swim
a: Recall Undead Slaves, Injury Mirror, Animate Dead, Drain Life, Renounce
Religion


You were in a Gauntlet.
You worshipped Yredelemnul.
Yredelemnul was greatly pleased with you.
You were hungry.

You visited 2 branches of the dungeon, and saw 12 of its levels.
You also visited: Gauntlet.

You collected 576 gold pieces.
You spent 266 gold pieces at shops.

Inventory:

Hand Weapons
 a - a +0 vampiric bardiche
 b - a +1 halberd (weapon)
 c - a +0 trident
Missiles
 z - 5 javelins (quivered)
 W - 15 poisoned darts
Armour
 h - a +0 helmet
 m - a +0 ring mail (worn)
 u - a scarf of repulsion (worn)
 A - the +3 pair of gloves of Asarodwi {+Blink rPois Str-4}
   (You bought it in a shop on level 7 of the Dungeon)

   It affects your strength (-4).
   It protects you from poison.
   It lets you blink.
 B - a +0 pair of boots (worn)
 G - a +0 pair of gloves (worn)
 H - a +1 helmet (worn)
 L - a +0 pair of boots
 Y - a +2 robe of cold resistance
Jewellery
 D - an amulet of reflection (around neck)
 F - a ring of positive energy (left hand)
 I - an uncursed amulet of reflection
 P - a ring of positive energy (right hand)
 S - an uncursed ring of positive energy
Wands
 d - a wand of polymorph (2)
 Q - a wand of enslavement (6)
 R - a wand of digging (4)
 T - a wand of disintegration (11)
 X - a wand of iceblast (8)
 Z - a wand of flame (26)
Scrolls
 f - a scroll of amnesia
 o - 4 scrolls of remove curse
 v - a scroll of immolation
 x - 3 scrolls of teleportation
 y - a scroll of fear
 C - a scroll of enchant armour
 E - a scroll of enchant weapon
 M - 3 scrolls of fog
Potions
 g - 3 potions of flight
 i - 5 potions of curing
 j - 3 potions of resistance
 k - a potion of lignification {unknown}
 l - 2 potions of haste
 n - 3 potions of might {unknown}
 p - a potion of magic {unknown}
 q - a potion of mutation {unknown}
 t - 5 potions of stabbing
 w - 5 potions of brilliance
 J - 2 potions of degeneration {unknown}
 K - 3 potions of heal wounds {unknown}
 N - a potion of berserk rage {unknown}
 O - a potion of cancellation {unknown}
Comestibles
 r - 18 rations


   Skills:
 + Level 5.7 Fighting
 - Level 16.0 Polearms
 + Level 13.7 Dodging
 - Level 2.1 Stealth
 - Level 8.0 Invocations


You had 10 spell levels left.
You didn't know any spells.
Your spell library was empty.

Dungeon Overview and Level Annotations

Branches:
Dungeon (11/15)            Temple (1/1) D:4            Lair (0/6) D:8
    Orc (0/2) D:10        Gauntlet (1/1)

Altars:
Ashenzari
Cheibriados
Dithmenos
Elyvilon
Fedhas
Gozag
Hepliaklqana
Kikubaaqudgha
Makhleb
Nemelex Xobeh
Okawaru
Qazlal
Ru
Sif Muna
Trog
Uskayaw
Vehumet
Wu Jian
Xom
Yredelemnul
Zin
The Shining One

Shops:
D:5 *   D:6 *   D:7 }}([?   D:10 (

Annotations:
Gauntlet 13 transporters, exclusion: ice statue


Message History

There is a transporter here.
You enter the transporter and appear at another place.
Unknown command.
Unknown command.
The ice statue gestures at you. The freezing blast engulfs you!
You are engulfed in freezing vapours.
You puncture the ice statue!
The ice statue is lightly damaged.
You are engulfed in freezing vapours.
You hit the ice statue but do no damage.
The ice statue is lightly damaged.
You are engulfed in freezing vapours.
* * * LOW HITPOINT WARNING * * *
The ice statue gestures at you. The bolt of cold misses you.
Okay, then.
You are engulfed in freezing vapours.
You die...
Your body rises from the dead as a mindless zombie.

##...........##
##≈.....©.....≈##
#≈≈.#########.≈≈#
##≈.#k###...#.≈##
##.#.#...#.#.##
##≈.#..°###.#.≈##
#≈≈.#.#°○°#°#.≈≈#
##≈.#.###°°8#.≈##
##.#.#.°@#○#.##
##≈.#.?.©.$.#.≈##
#≈≈.#########.≈≈#
##≈....#©..8#.≈##
##..8.#...©#.##
##≈....#©..8#.≈##
#≈≈.#########.≈≈#
##≈.#ww.....#.≈##
##.#.####..#.##


You could see an ice statue and 2 swamp worms.

Vanquished Creatures
  Erolcha (D:10)
  An unseen horror (D:9)
  Pikel (D:6)
  A centaur zombie (D:10)
  A hippogriff (D:10)
  Sigmund (D:3)
  10 yaks
  Eustachio (D:6)
  A hungry ghost (D:7)
  Menkaure (D:4)
  Edmund (D:5)
  Duvessa (D:5)
  A porcupine (D:8)
  3 orc warriors
  A sky beast (D:5)
  A black bear (D:8)
  An ice beast (D:10)
  8 ogres
  A slave (D:6)
  3 boggarts
  6 centaurs
  2 big kobolds
  2 crocodiles (D:8)
  14 bullfrogs
  A wyvern skeleton (D:10)
  Dowan (D:5)
  4 scorpions
  8 killer bees (D:10)
  A howler monkey (D:4)
  2 electric eels (D:6)
  7 crimson imps
  A quasit (D:10)
  A bullfrog zombie (D:5)
  A bullfrog skeleton (D:8)
  A gnoll shaman (D:6)
  5 hounds
  A jelly (D:10)
  8 orc wizards
  3 centaur skeletons (D:10)
  Natasha (thrice) (D:2)
  4 iguanas
  3 worker ants
  2 hound skeletons (D:7)
  A worker ant zombie (D:7)
  8 gnolls
  7 adders
  A shadow imp (D:5)
  2 oozes
  An adder skeleton (D:7)
  4 adder zombies
  A worm (D:4)
  3 dart slugs
  3 leopard geckos
  32 orcs
  4 giant cockroaches
  3 goblins
  6 hobgoblins
  13 jackals
  9 kobolds
  2 quokkas
  2 ball pythons
  7 bats
  4 frilled lizards
  A leopard gecko skeleton (D:5)
  2 quokka skeletons
  5 rats
242 creatures vanquished.

Vanquished Creatures (collateral kills)
  A sky beast (D:9)
  A crimson imp (D:9)
  A hound (D:10)
  A jelly (D:9)
  2 orc wizards (D:9)
  A worker ant (D:11)
  A killer bee zombie (D:9)
  A howler monkey zombie (D:10)
  An adder (D:10)
  A leopard gecko (D:9)
  2 orcs (D:9)
  A quokka (D:9)
14 creatures vanquished.

Vanquished Creatures (others)
  2 slaves (D:6)
  An ogre (D:6)
  A wight (D:9)
  A bullfrog zombie (D:9)
  An orc wizard (D:5)
  An ogre skeleton (D:9)
  3 mummies (D:10)
  A gnoll (D:6)
  An orc (D:6)
  A quokka skeleton (D:9)
  A bush (D:8)
  29 fungi (D:8)
  6 plants (D:8)
49 creatures vanquished.

Grand Total: 305 creatures vanquished

Notes
Turn   | Place    | Note
-------+----------+-------------------------------------------
     0 | D:1      | Morgon the Merfolk Monk began the quest for the Orb.
     0 | D:1      | Reached XP level 1. HP: 18/18 MP: 1/1
   294 | D:1      | Reached XP level 2. HP: 17/24 MP: 2/2
   824 | D:1      | Reached skill level 5 in Polearms
   910 | D:1      | Reached XP level 3. HP: 27/29 MP: 3/3
  1407 | D:2      | Noticed Natasha
  1442 | D:2      | Killed Natasha
  1442 | D:2      | Reached skill level 5 in Dodging
  1442 | D:2      | Reached XP level 4. HP: 14/37 MP: 4/4
  1702 | D:2      | Noticed Natasha
  1716 | D:2      | Killed Natasha
  1735 | D:2      | Found a shimmering blue altar of Sif Muna.
  1808 | D:2      | Noticed Natasha
  1827 | D:2      | Killed Natasha
  1827 | D:2      | Reached skill level 6 in Polearms
  1827 | D:2      | Reached XP level 5. HP: 33/42 MP: 5/5
  2504 | D:3      | Noticed Sigmund
  2534 | D:3      | Killed Sigmund
  2534 | D:3      | Reached skill level 7 in Polearms
  2534 | D:3      | Reached XP level 6. HP: 25/48 MP: 6/6
  2931 | D:3      | Reached skill level 8 in Polearms
  2979 | D:3      | Found a glowing golden altar of the Shining One.
  3486 | D:4      | Found a stormy altar of Qazlal.
  3535 | D:4      | Reached XP level 7. HP: 48/54 MP: 7/7
  3660 | D:4      | Found a staircase to the Ecumenical Temple.
  3661 | D:4      | Noticed Menkaure
  3994 | D:4      | Killed Menkaure
  3994 | D:4      | Reached skill level 9 in Polearms
  4220 | Temple   | Entered the Ecumenical Temple
  4347 | Temple   | Became a worshipper of Yredelemnul the Dark
  4347 | Temple   | Reached * piety under Yredelemnul
  4347 | Temple   | Reached ** piety under Yredelemnul
  4436 | D:4      | Found a snail-covered altar of Cheibriados.
  4795 | D:5      | Entered Level 5 of the Dungeon
  4795 | D:5      | Found a hide-covered altar of Uskayaw.
  4829 | D:5      | Reached skill level 10 in Polearms
  4928 | D:5      | Found a hazy altar of Hepliaklqana.
  5125 | D:5      | Noticed Duvessa
  5128 | D:5      | Noticed Dowan
  5144 | D:5      | Killed Duvessa
  5144 | D:5      | Reached XP level 8. HP: 34/60 MP: 8/8
  5150 | D:5      | Killed Dowan
  5159 | D:5      | Reached skill level 11 in Polearms
  5343 | D:5      | Found Nehuvipt's Lightly-Used Armoury.
  5366 | D:5      | Found an iron altar of Okawaru.
  5488 | D:5      | Noticed Edmund
  5524 | D:5      | Killed Edmund
  5748 | D:5      | Reached skill level 12 in Polearms
  6377 | D:6      | Reached skill level 13 in Polearms
  6487 | D:6      | Found an ancient bone altar of Kikubaaqudgha.
  6560 | D:6      | Found a shattered altar of Ashenzari.
  6612 | D:6      | Reached XP level 9. HP: 65/65 MP: 9/9
  6860 | D:6      | Found Gozag's Platinum Reserve.
  6860 | D:6      | Found an opulent altar of Gozag.
  7171 | D:6      | Reached *** piety under Yredelemnul
  7307 | D:6      | Noticed Pikel
  7357 | D:6      | Killed Pikel
  7357 | D:6      | Reached skill level 14 in Polearms
  7357 | D:6      | Reached skill level 10 in Dodging
  7866 | D:6      | Noticed Eustachio
  7887 | D:6      | Killed Eustachio
  8082 | D:7      | Reached skill level 5 in Fighting
  8353 | D:7      | Found Bulix's Gadget Shoppe.
  8383 | D:7      | Found Pidud's Gadget Emporium.
  8442 | D:7      | Found Qaf Esas's Antique Armour Shoppe.
  8462 | D:7      | Found Qeorphig's Weapon Shop.
  8466 | D:7      | Found Ycvosill's Magic Scroll Shoppe.
  8499 | D:7      | Bought a pair of crude gloves for 266 gold pieces
  8509 | D:7      | Identified the +3 pair of gloves of Asarodwi {+Blink rPois
                  | Str-4} (You bought it in a shop on level 7 of the Dungeon)
  8551 | D:7      | Reached XP level 10. HP: 74/74 MP: 10/10
  8733 | D:7      | Found a white marble altar of Elyvilon.
  9147 | D:8      | Found a staircase to the Lair.
  9179 | D:8      | Reached **** piety under Yredelemnul
  9179 | D:8      | Reached skill level 15 in Polearms
  9828 | D:8      | Found a blossoming altar of Fedhas.
  9855 | D:8      | Received a gift from Yredelemnul (a wight)
 10134 | D:9      | Reached skill level 16 in Polearms
 10177 | D:9      | Reached skill level 1 in Invocations
 10746 | D:9      | Reached skill level 5 in Invocations
 10822 | D:9      | Received a gift from Yredelemnul (a mummy)
 10985 | D:9      | Reached XP level 11. HP: 39/79 MP: 14/16
 11361 | D:10     | Entered Level 10 of the Dungeon
 11447 | D:10     | Received a gift from Yredelemnul (a mummy)
 11573 | D:9      | Killed an unseen horror
 11869 | D:10     | Noticed Erolcha
 11889 | D:10     | Killed Erolcha
 12034 | D:10     | Found a staircase to the Orcish Mines.
 12109 | D:10     | Received a gift from Yredelemnul (a mummy)
 12753 | D:10     | Found Quxtoete's Weapon Emporium.
 13463 | D:10     | Received a gift from Yredelemnul (5 flying skulls)
 13630 | D:11     | Identified a scroll of acquirement
 13630 | D:11     | Acquired a +0 vampiric bardiche
 13839 | D:11     | Found a gate leading to a gauntlet.
 13859 | Gauntlet | Entered a Gauntlet
 13859 | Gauntlet | Found a transporter.
 13879 | Gauntlet | Found a transporter.
 13882 | Gauntlet | Found a transporter.
 13883 | Gauntlet | Found a transporter.
 13896 | Gauntlet | Found a transporter.
 13897 | Gauntlet | Found a transporter.
 13906 | Gauntlet | Found a transporter.
 13908 | Gauntlet | Found a transporter.
 13909 | Gauntlet | Found a transporter.
 13922 | Gauntlet | Found a transporter.
 13924 | Gauntlet | Found a transporter.
 13925 | Gauntlet | Found a transporter.
 13933 | Gauntlet | Found a transporter.
 13985 | Gauntlet | Found a transporter.
 14132 | Gauntlet | Engulfed by an ice statue's freezing vapour

Illustrated notes

Levels and vault maps discovered:
D:1:      nicolae_arrival_washed_ashore, layout_basic
D:2:      layout_rooms, lemuel_blue_sif_altar, serial_corexii_hall,
          chequers_hall_statues_wall_a, corexii_hall_statues_s,
          corexii_hall_statues_i, corexii_hall_statues_l, uniq_natasha
D:3:      layout_basic, lemuel_crystal_altar, first_ration, uniq_sigmund
D:4:      layout_loops_cross, kennysheep_mini_moat,
          nicolae_qazlal_general_emergency, minmay_temple_entry_large_hall,
          uniq_menkaure
D:5:      layout_basic, lemuel_coloured_pillars_altar,
          eat_drink_and_be_merry_uskayaw, okawaru_gym_becter,
          kennysheep_nondescript, minmay_shop_damaged, uniq_duvessa, uniq_edmund
D:6:      layout_cave_pods, kennysheep_little_box, lemuel_doored_altar,
          nicolae_gozag_zags_fifth_avenue, minivault_14, uniq_eustachio,
          uniq_pikel
D:7:      layout_cave_pools, elyvilon_altar_3, serial_shops, shop, shop, shop,
          nicolae_shop_crystal, shop
D:8:      layout_loops_corners, fedhas_bush_and_centaur_altar,
          due_lair_maze_entry_diamond
D:9:      layout_roguey, grunt_ogre_cave
D:10:     kennysheep_ambush_hall, layout_basic, orc_0_dummy, serial_shops, shop,
          uniq_erolcha
D:11:     layout_basic, gauntlet_entry_generic, serial_glass, glass_columns_b,
          glass_columns_c, glass_columns_a, glass_columns_a, glass_columns_b,
          glass_columns_c, serial_shops, shop, due_unseen_surprise
Temple:   zaba_magenta_temple
Gauntlet: gammafunk_gauntlet_77_escape_option
          [minmay_gauntlet_arena_77_broken_ladder,
          minmay_gauntlet_arena_77_radiant_squares,
          minmay_gauntlet_arena_77_tiled_triplets,
          minmay_gauntlet_arena_77_checkered, minmay_gauntlet_arena_77_mirror,
          gauntlet_exit_watery]

Skill      XL: |  1  2  3  4  5  6  7  8  9 10 11 |
---------------+----------------------------------+-----
Polearms       | 5 6 7 8 10 13 14 16 | 16.0
Dodging        | 5 6 7 8 11 12 13 | 13.7
Fighting       | 4 5 |  5.7
Invocations    | 6 8 |  8.0
Stealth        | |  2.1

Action                   |  1- 3 |  4- 6 |  7- 9 | 10-12 || total
-------------------------+-------+-------+-------+-------++-------
Melee: Spear             |   110 |   222 |    12 |       ||   344
       Trident           |       |       |   426 |       ||   426
       Halberd           |       |       |   101 |   592 ||   693
       Tailslap          |       |       |     4 |       ||     4
Invok: Animate Dead      |       |       |       |     5 ||     5
       Recall Undead Sla |       |       |       |     6 ||     6
  Use: Scroll            |       |       |     2 |    17 ||    19
       Potion            |       |       |       |     1 ||     1
 Stab: Sleeping          |     2 |     2 |     4 |     1 ||     9
       Distracted        |       |       |     2 |     2 ||     4
  Eat: Chunk             |     1 |     7 |    16 |     7 ||    31
       Ration            |       |       |       |     4 ||     4
Armor: Robe              |    26 |    14 |       |       ||    40
       Ring mail         |       |     4 |    66 |    88 ||   158
Dodge: Dodged            |    77 |   126 |   234 |   347 ||   784
       Repelled          |       |       |     2 |     4 ||     6
Block: Other             |       |       |    57 |   105 ||   162
       Reflection        |       |       |     2 |       ||     2
